 Dungeon Crawl Stone Soup version 0.31-a0-325-g067879e3d3 (webtiles) character file.

Game seed: 18387676107892098752

1262 derpindaisy the Shield-Bearer (level 8, -1/63 HPs)
             Began as a Formicid Fighter on July 18, 2023.
             Was a High Priest of Uskayaw.
             Slain by a gargoyle
             ... wielding a +0 flail
              (12 damage)
             ... on level 5 of the Dungeon.
             The game lasted 00:14:24 (4722 turns).

derpindaisy the Shield-Bearer (Formicid Fighter)    Turns: 4722, Time: 00:14:25

Health: -1/63      AC: 12    Str: 21    XL:     8   Next: 81%
Magic:  8/8        EV: 11    Int:  8    God:    Uskayaw [*****.]
Gold:   271        SH:  6    Dex: 18    Spells: 7/7 levels left

rFire   . . .        q - +2 quarterstaff (chaos)
rCold   . . .        c - +0 buckler
rNeg    . . .        n - +2 scale mail "Yskonaj" {Harm rElec Will+ Dex+3}
rPois   .            (helmet unavailable)
rElec   +            m - +0 cloak
rCorr   +            u - +1 pair of gloves
SInv    +            (no boots)
Will    +....        (no amulet)
Stlth   +            i - ring of resist corrosion
HPRegen 0.30/turn    (no ring)
MPRegen 0.11/turn

%: harm (+30% outgoing, +20% incoming)
@: mighty
A: permanent stasis, dig shafts and tunnels, antennae 3, four strong arms
a: Dig, Shaft Self, Renounce Religion, Stomp, Line Pass, Grand Finale


You were on level 5 of the Dungeon.
You worshipped Uskayaw.
Uskayaw was noncommittal.
You visited 1 branch of the dungeon, and saw 5 of its levels.
You also visited: Sewer.

You collected 271 gold pieces.

Inventory:

Hand Weapons
 q - a +2 quarterstaff of chaos (weapon)
Armour
 c - a +0 buckler (worn)
 g - a +2 ring mail of poison resistance
 l - a +2 robe of positive energy
 m - a +0 cloak (worn)
 n - the +2 scale mail "Yskonaj" (worn) {Harm rElec Will+ Dex+3}
   (You found it in a sewer)

   Dex:       It affects your dexterity (+3).
   rElec:     It insulates you from electricity.
   Harm:      It increases damage dealt and taken.
   Will:      It increases your willpower.
 u - a +1 pair of gloves (worn)
Jewellery
 i - a ring of resist corrosion (left hand)
Scrolls
 a - a scroll of torment {unknown}
 d - 2 scrolls of enchant armour {unknown}
 e - a scroll of fog {unknown}
 f - a scroll of acquirement {unknown}
 h - 2 scrolls of summoning {unknown}
 j - a scroll of poison {unknown}
 k - a scroll of teleportation {unknown}
 p - 4 scrolls of amnesia {unknown}
 r - a scroll of immolation {unknown}
 s - 2 scrolls of enchant weapon {unknown}
 v - a scroll of identify
Potions
 b - a potion of enlightenment {unknown}
 o - a potion of lignification {unknown}
 t - a potion of haste {unknown}
 w - 2 potions of curing


   Skills:
 + Level 5.5 Fighting
 + Level 5.4(6.0) Maces & Flails
 + Level 3.8(5.2) Staves
 + Level 5.4 Armour
 + Level 2.5 Dodging
 + Level 2.2 Stealth
 + Level 5.8 Shields


You had 7 spell levels left.
You didn't know any spells.
Your spell library contained the following spells:

 Spells                   Type           Power      Damage    Failure   Level
 Sting                    Tmut/Pois      0%         1d3       80%         1
 Summon Small Mammal      Summ           0%         N/A       80%         1
 Lesser Beckoning         Tloc           0%         N/A       90%         2
 Poisonous Vapours        Pois/Air       0%         N/A       90%         2
 Call Canine Familiar     Summ           0%         N/A       99%         3
 Gell's Gravitas          Tloc           0%         N/A       99%         3
 Mephitic Cloud           Conj/Pois/Air  0%         N/A       99%         3
 Portal Projectile        Hex/Tloc       0%         N/A       99%         3
 Summon Guardian Golem    Hex/Summ       0%         N/A       99%         3
 Teleport Other           Tloc           0%         N/A       99%         3
 Tukima's Dance           Hex            0%         N/A       99%         3
 Iskenderun's Mystic Bla  Conj/Tloc      0%         2d3       100%        4
 Olgreb's Toxic Radiance  Pois           0%         N/A       100%        4
 Freezing Cloud           Conj/Ice/Air   0%         6-21      100%        5


Dungeon Overview and Level Annotations

Branches:
Dungeon (5/15)              Sewer (visited)
 Temple: D:4-7

Altars:
Dithmenos
Fedhas
Nemelex Xobeh
Qazlal
Sif Muna
Uskayaw
Wu Jian

Shops:
D:2 (:?


Innate Abilities, Weirdness & Mutations

You cannot be hasted, slowed, berserked, paralysed or teleported.
You can dig through walls and to a lower floor.
You have a pair of large antennae on your head. (SInv)
Your four strong arms can wield two-handed weapons with a shield.


Message History

You can now pass through a line of other dancers.
Your Stealth skill increases to level 2!
You sock the iguana!
You kill the iguana!
Uskayaw will force your foes to helplessly watch your dance.
Uskayaw prepares the audience for your solo!
The gargoyle is no longer paralysed.
The gargoyle barely misses you.
You see here an iguana corpse.
You hit the gargoyle. You burn the gargoyle.
The gargoyle is moderately damaged.
The orc is no longer paralysed.
The white imp is no longer paralysed.
The orc hits you but does no damage. You block the white imp's attack.
The gargoyle hits you with a +0 flail! The gargoyle closely misses you.
The white imp shouts, "Crawl home, thou bawdy flap-mouthed mendicant!"
The white imp barely misses you. The orc barely misses you.
The white imp attacks as you move away! The white imp barely misses you.
The gargoyle attacks as you move away! The gargoyle closely misses you.
You thump the white imp!
You kill the white imp!
The gargoyle hurls a stone arrow at you.
The stone arrow hits you but does no damage.
The orc hits you from afar with a +0 trident.
Uskayaw will force your foes to share their pain.
Uskayaw links your audience in an emotional bond!
The orc hits you but does no damage.
You sock the orc!
You kill the orc!
The gargoyle is no longer sharing its pain.
The gargoyle hurls a stone arrow at you.
The stone arrow misses you.
The gargoyle hits you but does no damage.
Items here: $ ) [ †.
You hit the gargoyle.
The gargoyle seems to grow stronger.
The gargoyle is severely damaged.
The gargoyle hits you with a +0 flail!!
Ouch! That really hurt!
* * * LOW HITPOINT WARNING * * *
You can now merge with and destroy a victim.
You feel better. The gargoyle hits you with a +0 flail!
You die...

#.#
#......................#
..#
#......<.....[.........#
###
#.............##..#....#
#..........#.###....####
###..........#..#..####
###........[...##...##
)..............###..#
.#.##..........##...#
##.##...........@9.##
#..#########..####.#
..## #.##....# ###
#.#..#### ..##
#####...##
...#####......##
.........#.####
.#....###..########
.#................#


You could see a gargoyle (strong).

Vanquished Creatures
  Grinder (D:3)
  The ghost of LeprechaunX the Changeling, an amateur OpSh of Cheibriados (D:5)
  Pargi (Sewer)
  An ogre (D:5)
  3 scorpions (D:5)
  An orc priest (D:5)
  Crazy Yiuf (D:3)
  6 iguanas
  Jessica (D:2)
  Terence (D:3)
  Natasha (thrice) (D:2)
  An orc wizard (D:5)
  6 adders
  A white imp (D:5)
  An ufetubus (D:5)
  A worm (D:2)
  2 dart slugs
  6 orcs
  5 endoplasms
  12 giant cockroaches
  6 goblins
  5 hobgoblins
  8 jackals
  4 quokkas
  11 ball pythons
  8 bats
  4 frilled lizards
  8 kobolds
  6 rats
115 creatures vanquished.

Notes
Turn   | Place    | Note
-------+----------+-------------------------------------------
     0 | D:1      | derpindaisy the Formicid Fighter began the quest for the
                  | Orb.
     0 | D:1      | Reached XP level 1. HP: 18/18 MP: 1/1
    81 | D:1      | Reached XP level 2. HP: 21/24 MP: 2/2
   540 | D:1      | Reached XP level 3. HP: 30/30 MP: 3/3
   763 | D:2      | Found a shimmering blue altar of Sif Muna.
   814 | D:2      | Reached XP level 4. HP: 37/37 MP: 4/4
   816 | D:2      | Found Xutuwosu's Book Emporium.
   839 | D:2      | Found Vuseyf's Magic Scroll Shop.
   966 | D:2      | Noticed Jessica
   983 | D:2      | Killed Jessica
  1062 | D:2      | Noticed Natasha
  1077 | D:2      | Killed Natasha
  1078 | D:2      | Reached XP level 5. HP: 18/42 MP: 5/5
  1167 | D:2      | Noticed Natasha
  1178 | D:2      | Killed Natasha
  1224 | D:2      | Noticed Natasha
  1236 | D:2      | Killed Natasha
  1237 | D:2      | Reached skill level 1 in Dodging
  1313 | D:2      | Found Siontaw's Weapon Shoppe.
  1704 | D:3      | Noticed Terence
  1719 | D:3      | Killed Terence
  1720 | D:3      | Reached XP level 6. HP: 41/49 MP: 6/6
  1830 | D:3      | Noticed Grinder
  1868 | D:3      | HP: 2/49 [Grinder (3)]
  1871 | D:3      | Killed Grinder
  1872 | D:3      | Reached skill level 5 in Shields
  1872 | D:3      | Reached XP level 7. HP: 10/55 MP: 7/7
  2112 | D:3      | Found a glowing drain.
  2135 | Sewer    | Entered a sewer
  2151 | Sewer    | Noticed Pargi
  2162 | Sewer    | Killed Pargi
  2163 | Sewer    | Reached skill level 5 in Maces & Flails
  2286 | Sewer    | Identified the +2 scale mail "Yskonaj" {Harm rElec Will+
                  | Dex+3}
  2685 | D:3      | Found a runed translucent door.
  2686 | D:3      | Noticed Crazy Yiuf
  2905 | D:3      | Killed Crazy Yiuf
  3296 | D:4      | Reached skill level 5 in Fighting
  3296 | D:4      | Reached skill level 1 in Stealth
  4006 | D:5      | Entered Level 5 of the Dungeon
  4007 | D:5      | Noticed a gargoyle
  4074 | D:5      | Found a sparkling altar of Nemelex Xobeh.
  4090 | D:5      | Reached skill level 1 in Staves
  4090 | D:5      | Reached XP level 8. HP: 54/62 MP: 8/8
  4113 | D:5      | Found a hide-covered altar of Uskayaw.
  4136 | D:5      | Became a worshipper of Uskayaw the Reveller
  4181 | D:5      | Reached * piety under Uskayaw
  4227 | D:5      | Found a blossoming altar of Fedhas.
  4228 | D:5      | Found a shadowy altar of Dithmenos.
  4228 | D:5      | Found a stormy altar of Qazlal.
  4229 | D:5      | Found an ornate altar of the Wu Jian Council.
  4235 | D:5      | Reached ** piety under Uskayaw
  4386 | D:5      | Noticed LeprechaunX's ghost (amateur OpSh)
  4402 | D:5      | Found a runed translucent gate.
  4402 | D:5      | Found a runed translucent gate.
  4402 | D:5      | Found a runed translucent gate.
  4473 | D:5      | Reached skill level 5 in Armour
  4711 | D:5      | Killed LeprechaunX's ghost
  4712 | D:5      | Reached *** piety under Uskayaw
  4716 | D:5      | Reached **** piety under Uskayaw
  4721 | D:5      | Reached ***** piety under Uskayaw
  4722 | D:5      | Slain by a gargoyle

Illustrated notes

Levels and vault maps discovered:
D:1:      giann_bridges, layout_basic
D:2:      layout_basic, serial_shops, nicolae_book_shop_shelving,
          nicolae_shop_bloodbath_and_beyond, shop, basic_altar, uniq_natasha,
          uniq_jessica
D:3:      layout_loops_ring, gup_sewer_entry_pipe, uniq_grinder,
          uniq_crazy_yiuf_cottage, uniq_terence
D:4:      layout_loops_corners, serial_park_tiny_1
D:5:      layout_rooms, chequers_temple_overflow_statue_of_worship,
          mainiacjoe_overflow_catwalk_spiral, gammafunk_ghost_split

Skill      XL: |  1  2  3  4  5  6  7  8 |
---------------+-------------------------+-----
Maces & Flails | 3 4 5 |  5.4
Fighting       | 4 5 |  5.5
Armour         | 4 5 |  5.4
Dodging        | 1 2 |  2.5
Shields        | 5 |  5.8
Stealth        | 1 2 |  2.2
Staves         | 1 3 |  3.8

Action                     |  1- 3 |  4- 6 |  7- 9 || total
---------------------------+-------+-------+-------++-------
  Melee: Flail             |    88 |   138 |    72 ||   298
         Quarterstaff      |       |       |    91 ||    91
    Use: Scroll            |     1 |       |       ||     1
         Potion            |       |     3 |     2 ||     5
   Stab: Paralysed         |       |       |     2 ||     2
         Sleeping          |       |       |     2 ||     2
 Armour: Scale mail        |    37 |    33 |    41 ||   111
         Robe              |       |    21 |    19 ||    40
  Dodge: Dodged            |    49 |    67 |    70 ||   186
  Block: Buckler           |    20 |    30 |    46 ||    96

Table legend: (Time is in decaauts)
 A = Elapsed time spent in this place.
 B = Non-inter-level travel time spent in this place.
 C = Inter-level travel time spent in this place.
 D = Time resting spent in this place.
 E = Time spent auto-exploring this place.
 F = Levels seen in this place.
 G = Mean time per level.
                   A        B        C        D        E       F      G
               +--------+--------+--------+--------+--------+-----+--------+
         Total |   4819 |   4617 |    202 |    665 |   2816 |   6 |  803.2 |
       Dungeon |   4578 |   4376 |    202 |    600 |   2722 |   5 |  915.6 |
         Sewer |    240 |    240 |      0 |     65 |     94 |   1 |  240.0 |
               +--------+--------+--------+--------+--------+-----+--------+

Top non-repeatable levels by time:
     D:3: 1114 daAuts
     D:2: 1064 daAuts
     D:4: 1006 daAuts
     D:5: 722 daAuts
     D:1: 671 daAuts
   Sewer: 240 daAuts
